 Dungeon Crawl Stone Soup version 0.27-a0-1555-g0e7b3fb1d2 (webtiles) character file.

Game seed: 15901701852058034034

79 lunkers the Ruffian (level 4, -4/38 HPs)
             Began as a Ghoul Warper on July 14, 2021.
             Splashed by a jelly's acid (7 damage)
             ... on level 2 of the Dungeon.
             The game lasted 00:02:23 (1814 turns).

lunkers the Ruffian (Ghoul Warper)                  Turns: 1814, Time: 00:02:24

Health: -4/38      AC:  3    Str: 14    XL:     4   Next: 37%
Magic:  5/5        EV: 11    Int:  8    God:
Gold:   82         SH:  0    Dex:  9    Spells: 6/6 levels left

rFire    . . .     SeeInvis .     - Unarmed
rCold    + . .     Faith    .   (no shield)
rNeg     + + +     Spirit   .   a - +0 leather armour
rPois    ∞         Reflect  .   (no helmet)
rElec    .         Harm     .   (no cloak)
rCorr    .         Rampage  .   (no gloves)
Will     .....                  (no boots)
Stlth    +.........             (no amulet)
HPRegen  0.00/turn              (no ring)
MPRegen  0.09/turn              (no ring)

@: no status effects
A: claws 1, cold resistance 1, negative energy resistance 3, inhibited
regeneration, torment resistance 2
a: no special abilities


You were on level 2 of the Dungeon.
You visited 1 branch of the dungeon, and saw 2 of its levels.

You collected 82 gold pieces.

Inventory:

Missiles
 c - 2 boomerangs of dispersal
 e - 103 stones (quivered)
 l - 3 boomerangs
Armour
 a - a +0 leather armour (worn)
Jewellery
 h - a ring of positive energy
Wands
 n - a wand of polymorph (8)
Scrolls
 b - a scroll of blinking
 d - a scroll of teleportation {unknown}
 f - a scroll of enchant weapon {unknown}
 g - 2 scrolls of immolation {unknown}
 i - 2 scrolls of amnesia {unknown}
 m - a scroll of fog {unknown}
Potions
 j - 2 potions of brilliance {unknown}
 k - 2 potions of curing {unknown}


   Skills:
 + Level 3.2 Fighting
 - Level 0.8 Throwing
 - Level 0.8 Armour
 - Level 1.7 Dodging
 * Level 4.2 Unarmed Combat
 - Level 1.7 Spellcasting
 - Level 2.6 Translocations


You had 6 spell levels left.
You didn't know any spells.
Your spell library contained the following spells:

 Spells                   Type           Power      Damage    Failure   Level
 Blink                    Tloc           N/A        N/A       22%         2
 Gell's Gravitas          Tloc           2%         N/A       41%         3
 Lesser Beckoning         Tloc           2%         N/A       41%         3
 Teleport Other           Tloc           5%         N/A       41%         3
 Manifold Assault         Tloc           5%         N/A       99%         5


Dungeon Overview and Level Annotations

Branches:
Dungeon (2/15)

Altars:


Innate Abilities, Weirdness & Mutations

You thrive by killing the living.
You are immune to poison.
You have sharp fingernails.
Your flesh is cold resistant. (rC+)
You are immune to negative energy. (rN+++)
You do not regenerate when monsters are visible.
You are immune to unholy pain and torment.


Message History

The jelly jiggles.
You are no longer corroded.
You scratch the jelly. The acid corrodes you!
Your claws burn!
* * * LOW HITPOINT WARNING * * *
The jelly is almost dead.
The jelly hits you.
* * * LOW HITPOINT WARNING * * *
You are splashed with acid.
* * * LOW HITPOINT WARNING * * *
There is an open door here.
Okay, then.
There is an open door here.
You see here a jackal corpse.
You are no longer corroded.
Throw: 5 boomerangs (disperse)
Press: ? - help, Shift-Dir - straight line, f/p - jelly
Aim: a jelly (almost dead, 88% to hit)
You throw a boomerang of dispersal.
The boomerang of dispersal hits the jelly but does no damage.
The jelly is almost dead.
The jelly closely misses you.
Unknown command.
Throw: 4 boomerangs (disperse)
Press: ? - help, Shift-Dir - straight line, f/p - jelly
Aim: a jelly (almost dead, 88% to hit)
You throw a boomerang of dispersal.
The boomerang of dispersal barely misses the jelly.
The jelly barely misses you. The jelly hits you but does no damage.
Unknown command.
Unknown command.
Throw: 3 boomerangs (disperse)
Press: ? - help, Shift-Dir - straight line, f/p - jelly
Aim: a jelly (almost dead, 88% to hit)
You throw a boomerang of dispersal.
The boomerang of dispersal hits the jelly but does no damage.
The jelly is almost dead.
The jelly hits you.
* * * LOW HITPOINT WARNING * * *
You are splashed with acid!
You die...

#.........# #.......# #####.#####
#..####.# #........# ##...###.#
#.###.##^# #.....##.# ##+##
#.##.#.#.# #......#.# ##...##
#...###..# #........# ##.....# #
#..## ##.# ##.......# ##.......
###...###..######....####........
'......#........@J......†........
###........######....####........
# #.#..###.# #....# ##.......
#.##.# #.# #..#.# ##.....#
#........# #..#.# ##...##
####.##### #....# ##+## #.#
##.### #.# #.# #.#


You could see a jelly.

Vanquished Creatures
  3 gnolls (D:1)
  A worm (D:2)
  A dart slug (D:2)
  5 endoplasms
  2 giant cockroaches
  3 goblins
  3 hobgoblins
  6 jackals
  5 kobolds
  3 quokkas
  3 ball pythons
  3 bats
  3 frilled lizards
  A rat (D:1)
42 creatures vanquished.

Notes
Turn   | Place    | Note
-------+----------+-------------------------------------------
     0 | D:1      | lunkers the Ghoul Warper began the quest for the Orb.
     0 | D:1      | Reached XP level 1. HP: 17/17 MP: 2/2
    66 | D:1      | Reached XP level 2. HP: 24/25 MP: 3/3
   284 | D:1      | Reached skill level 3 in Unarmed Combat
   703 | D:1      | Reached XP level 3. HP: 14/30 MP: 4/4
  1284 | D:1      | Reached skill level 4 in Unarmed Combat
  1284 | D:1      | Reached XP level 4. HP: 32/38 MP: 5/5
  1814 | D:2      | Splashed by a jelly's acid

Illustrated notes

Levels and vault maps discovered:
D:1:      zaba_arrival_water, layout_loops_ring
D:2:      layout_loops_corners, minmay_pentomino_p4

Skill      XL: |  1  2  3 |
---------------+----------+-----
Unarmed Combat | 3 4 |  4.2
Fighting       | 3 |  3.2
Throwing       | |  0.8
Armour         | |  0.8
Dodging        | |  1.7
Spellcasting   | |  1.7
Translocations | |  2.6

Action                   |  1- 3 |  4- 6 || total
-------------------------+-------+-------++-------
Melee: Unarmed           |   103 |    39 ||   142
       Punch             |     1 |     1 ||     2
Throw: Stone             |    31 |    27 ||    58
       Boomerang         |       |     3 ||     3
Armor: Leather armour    |    23 |    11 ||    34
Dodge: Dodged            |    73 |    17 ||    90

Table legend: (Time is in decaauts)
 A = Elapsed time spent in this place.
 B = Non-inter-level travel time spent in this place.
 C = Inter-level travel time spent in this place.
 D = Time resting spent in this place.
 E = Time spent auto-exploring this place.
 F = Levels seen in this place.
 G = Mean time per level.
                   A        B        C        D        E       F      G
               +--------+--------+--------+--------+--------+-----+--------+
         Total |   1820 |   1793 |     27 |    411 |   1015 |   2 |  910.0 |
       Dungeon |   1820 |   1793 |     27 |    411 |   1015 |   2 |  910.0 |
               +--------+--------+--------+--------+--------+-----+--------+

Top non-repeatable levels by time:
     D:1: 1125 daAuts
     D:2: 694 daAuts
